Connexion

SEATTLE Kraken vs LOS ANGELES Kings

Created - 27 janvier 2024 at 05:02

Goals
1 2 3 T
SEATTLE Kraken 3 1 1 5
LOS ANGELES Kings 2 0 1 3
Shots
1 2 3 T
SEATTLE Kraken 13 16 12 41
LOS ANGELES Kings 6 8 13 27

GoalsPenalties
1st period
1. LOS ANGELES Kings , Aaron Ekblad 7 (Chandler Stephenson 18, Brayden Schenn 25) at 3:34
2. LOS ANGELES Kings , Jakob Silfverberg 16 (Chandler Stephenson 19, Brayden Schenn 26) at 10:38
3. SEATTLE Kraken , Jason Robertson 27 (Alec Martinez 18) at 10:50
4. SEATTLE Kraken , Jason Robertson 28 (Wyatt Johnston 18, Alec Martinez 19) at 16:19
5. SEATTLE Kraken , Auston Matthews 29 (David Pastrnak 35, Rasmus Dahlin 42) at 16:51
Alex Ovechkin (SEA) for Holding (Minor) at 0:23
Nick Foligno (L.A) for Holding (Minor) at 19:28
2nd period
6. SEATTLE Kraken , Oscar Klefbom 5 (Jason Robertson 36) at 12:32
Arber Xhekaj (L.A) for Interference (Minor) at 1:13
T.J. Oshie (SEA) for Slashing (Minor) at 18:57
3rd period
7. LOS ANGELES Kings , Mats Zuccarello 31 (Mika Zibanejad 24) at 2:33
8. SEATTLE Kraken , Auston Matthews 30 (Rasmus Dahlin 43, David Pastrnak 36) at 19:57 (Empty Net)
Mika Zibanejad (L.A) for Interference (Minor) at 10:28
Goalie Stats
Spencer Knight (SEA), 24 saves from 27 shots - (0,889), W, 16-7-3, 60:00 minutes
Samuel Montembeault (L.A), 36 saves from 40 shots - (0,900), L, 23-22-2, 59:18 minutes
3 StarsOfficial
1 - Jason Robertson (SEA)
2 - Auston Matthews (SEA)
3 - Oscar Klefbom (SEA)
Referees : Tim Peel and Brad Meier
Linesman : Tony Sericolo and Pierre Racicot
Game Note
Auston Matthews has scored in a empty net!
Finance
Level 1 -- Attendance: 5617 (93,62%) -- Ticket Income $758,295
Level 2 -- Attendance: 4452 (86,99%) -- Ticket Income $400,680
Level 3 -- Attendance: 1562 (78,10%) -- Ticket Income $93,720
Level 4 -- Attendance: 3144 (78,60%) -- Ticket Income $125,760
Luxury Box -- Attendance: 1000 (100,00%) -- Ticket Income $230,000
Game was played at the Staples Center.
Total Attendance: 15775 (87,07%)
Total Ticket Income: $1,608,455
Other Income: $321,691
Total Income: $1,930,146



Team Name Goals Shots Shots Attemp Shots Blocked PIM HIT PP PK FO%
SEATTLE Kraken 5416784240 / 3 (0%)049%
LOS ANGELES Kings 3275556160 / 2 (0%)051%

SEATTLE Kraken
Player Name POS G A P +/- PIM HIT SHT SB MP PP MP PP SHT PK MP PK SHT FO% FOT
Alec MartinezD0222003014:000:0002:2600% 0
Alex OvechkinLW0000212019:490:0001:170100% 1
Andrei KuzmenkoLW000-2013017:332:4501:15033% 3
Auston MatthewsC2021017021:512:5820:00047% 32
Brock BoeserRW000-2021013:330:0000:0000% 0
David PastrnakRW0221014021:512:5800:0000% 0
Gabriel VilardiC/RW0003022018:392:4500:000100% 2
Jamie DrysdaleD000-1010120:462:1400:0000% 0
Jani HakanpaaD0002010011:340:0000:0000% 0
Jason RobertsonLW/RW2134013019:122:5800:0000% 1
Joe PavelskiC/LW/RW000-2033014:440:0001:11047% 17
Oscar KlefbomD1010063224:172:1422:1000% 0
Rasmus DahlinD0220015124:093:2921:4800% 0
Samuel GirardD0001022425:143:2911:3200% 0
T.J. OshieC/LW/RW000020103:240:0001:2600% 0
Tim StutzleC/LW000000001:590:0000:0000% 0
Vincent HinostrozaC/RW000000004:460:0002:47071% 7
Wyatt JohnstonC0113012018:392:4500:00043% 21
LOS ANGELES Kings
Player Name POS G A P +/- PIM HIT SHT SB MP PP MP PP SHT PK MP PK SHT FO% FOT
Aaron EkbladD101-1022023:162:0003:5000% 0
Arber XhekajD0001220319:450:0002:0300% 0
Brayden SchennC/LW/RW0221043022:271:5703:47059% 17
Brock McGinnLW/RW000-1002011:300:0000:0000% 0
Calen AddisonD000-1010124:232:0003:2000% 0
Chandler StephensonC/LW0222013020:021:5701:42033% 9
Derek ForbortD000-2012017:091:5810:0000% 0
Jakob SilfverbergLW/RW1012003018:201:5700:000100% 2
Jason ZuckerLW/RW000-2010019:572:0100:00033% 3
Jesse YlonenRW000-100004:300:0000:000100% 1
Mats ZuccarelloLW/RW101-2008019:572:0100:0000% 0
Mika ZibanejadC/LW/RW011-1211019:362:0100:00048% 23
Nick BoninoC/LW000-100108:510:0004:21057% 7
Nick FolignoC/LW/RW000-1221111:290:0000:0000% 0
Nicolas RoyC000-1001012:520:0001:22050% 14
Olli MaattaD0001010021:331:5801:5300% 0
Ryan PoehlingC000-100004:300:0000:00050% 8
Thomas ChabotD000-2000013:530:0000:1900% 0



Play-by-Play

1st period


0:01 of 1st period - Mika Zibanejad wins face-off versus Auston Matthews in neutral zone.
0:05 of 1st period - Calen Addison is hit by Rasmus Dahlin and loses puck.
0:23 of 1st period - Minor Penalty to Alex Ovechkin for Holding.
0:24 of 1st period - Chandler Stephenson wins face-off versus Vincent Hinostroza in SEATTLE Kraken zone.
0:25 of 1st period - Shot by Derek Forbort.
0:25 of 1st period - Shot Blocked by Oscar Klefbom.
0:27 of 1st period - Shot by Derek Forbort.
0:27 of 1st period - Stopped by Spencer Knight without a rebound.
0:28 of 1st period - Vincent Hinostroza wins face-off versus Chandler Stephenson in SEATTLE Kraken zone.
0:47 of 1st period - Shot by Brayden Schenn.
0:47 of 1st period - Shot Misses the Net.
0:50 of 1st period - Jakob Silfverberg is hit by Oscar Klefbom and loses puck.
1:36 of 1st period - Icing by Olli Maatta.
1:37 of 1st period - Vincent Hinostroza wins face-off versus Mika Zibanejad in LOS ANGELES Kings zone.
2:00 of 1st period - Mika Zibanejad is hit by Joe Pavelski and loses puck.
2:40 of 1st period - Shot by Brock McGinn.
2:40 of 1st period - Shot Misses the Net.
2:45 of 1st period - Off-side.
2:46 of 1st period - Alex Ovechkin wins face-off versus Chandler Stephenson in neutral zone.
2:46 of 1st period - Alex Ovechkin is hit by Brayden Schenn.
2:57 of 1st period - Icing by Chandler Stephenson.
2:58 of 1st period - Joe Pavelski wins face-off versus Brayden Schenn in LOS ANGELES Kings zone.
3:03 of 1st period - Shot by Brock Boeser.
3:03 of 1st period - Shot Misses the Net.
3:30 of 1st period - Shot by Brayden Schenn.
3:30 of 1st period - Shot Blocked by Jamie Drysdale.
3:32 of 1st period - Shot by Chandler Stephenson.
3:32 of 1st period - Stopped by Spencer Knight with a rebound.
3:34 of 1st period - Shot by Aaron Ekblad.
3:34 of 1st period - Goal by Aaron Ekblad - SEATTLE Kraken : 0 - LOS ANGELES Kings : 1.
3:35 of 1st period - Wyatt Johnston wins face-off versus Mika Zibanejad in neutral zone.
3:38 of 1st period - Derek Forbort is hit by Gabriel Vilardi and loses puck.
3:58 of 1st period - Shot by Wyatt Johnston.
3:58 of 1st period - Stopped by Samuel Montembeault with a rebound.
4:07 of 1st period - Off-side.
4:08 of 1st period - Auston Matthews wins face-off versus Nicolas Roy in neutral zone.
4:13 of 1st period - Auston Matthews is hit by Nick Foligno and loses puck.
4:28 of 1st period - Shot by Auston Matthews.
4:28 of 1st period - Shot Blocked by Nick Foligno.
4:30 of 1st period - Shot by Alex Ovechkin.
4:30 of 1st period - Shot Misses the Net.
4:32 of 1st period - Shot by Alec Martinez.
4:32 of 1st period - Stopped by Samuel Montembeault with a rebound.
4:34 of 1st period - Shot by Alec Martinez.
4:34 of 1st period - Stopped by Samuel Montembeault without a rebound.
4:35 of 1st period - Brayden Schenn wins face-off versus Joe Pavelski in LOS ANGELES Kings zone.
4:35 of 1st period - Chandler Stephenson is hit by Brock Boeser and loses puck.
5:02 of 1st period - Shot by Chandler Stephenson.
5:02 of 1st period - Stopped by Spencer Knight without a rebound.
5:03 of 1st period - Auston Matthews wins face-off versus Mika Zibanejad in SEATTLE Kraken zone.
5:11 of 1st period - Mats Zuccarello is hit by Jamie Drysdale and loses puck.
6:31 of 1st period - Jason Robertson is hit by Brayden Schenn and loses puck.
6:56 of 1st period - Icing by Wyatt Johnston.
6:57 of 1st period - Gabriel Vilardi wins face-off versus Nicolas Roy in SEATTLE Kraken zone.
7:26 of 1st period - Shot by Andrei Kuzmenko.
7:26 of 1st period - Deflect By Joe Pavelski.
7:26 of 1st period - Stopped by Samuel Montembeault without a rebound.
7:27 of 1st period - Ryan Poehling wins face-off versus Auston Matthews in LOS ANGELES Kings zone.
7:29 of 1st period - Icing by Thomas Chabot.
7:30 of 1st period - Auston Matthews wins face-off versus Ryan Poehling in LOS ANGELES Kings zone.
7:44 of 1st period - Icing by Rasmus Dahlin.
7:45 of 1st period - Mika Zibanejad wins face-off versus Auston Matthews in SEATTLE Kraken zone.
8:05 of 1st period - David Pastrnak is hit by Calen Addison and loses puck.
8:44 of 1st period - Shot by Andrei Kuzmenko.
8:44 of 1st period - Stopped by Samuel Montembeault without a rebound.
8:45 of 1st period - Wyatt Johnston wins face-off versus Brayden Schenn in LOS ANGELES Kings zone.
8:49 of 1st period - Jason Robertson is hit by Arber Xhekaj and loses puck.
9:11 of 1st period - Shot by Jakob Silfverberg.
9:11 of 1st period - Shot Misses the Net.
9:13 of 1st period - Shot by Jakob Silfverberg.
9:13 of 1st period - Stopped by Spencer Knight without a rebound.
9:14 of 1st period - Nicolas Roy wins face-off versus Andrei Kuzmenko in SEATTLE Kraken zone.
9:15 of 1st period - Shot by Brock McGinn.
9:15 of 1st period - Shot Misses the Net.
9:43 of 1st period - Thomas Chabot is hit by Brock Boeser and loses puck.
9:54 of 1st period - Brock McGinn is hit by Andrei Kuzmenko and loses puck.
10:38 of 1st period - Shot by Jakob Silfverberg.
10:38 of 1st period - Goal by Jakob Silfverberg - SEATTLE Kraken : 0 - LOS ANGELES Kings : 2.
10:39 of 1st period - Wyatt Johnston wins face-off versus Mika Zibanejad in neutral zone.
10:50 of 1st period - Shot by Jason Robertson.
10:50 of 1st period - Goal by Jason Robertson - SEATTLE Kraken : 1 - LOS ANGELES Kings : 2.
10:51 of 1st period - Ryan Poehling wins face-off versus Auston Matthews in neutral zone.
11:05 of 1st period - Off-side.
11:06 of 1st period - Mika Zibanejad wins face-off versus Wyatt Johnston in neutral zone.
11:11 of 1st period - Shot by Mats Zuccarello.
11:11 of 1st period - Shot Misses the Net.
11:17 of 1st period - Arber Xhekaj is hit by Jason Robertson and loses puck.
11:23 of 1st period - Icing by Olli Maatta.
11:24 of 1st period - Mika Zibanejad wins face-off versus Auston Matthews in LOS ANGELES Kings zone.
11:35 of 1st period - Shot by Mats Zuccarello.
11:35 of 1st period - Shot Misses the Net.
11:45 of 1st period - Shot by Auston Matthews.
11:45 of 1st period - Shot Misses the Net.
13:09 of 1st period - Wyatt Johnston is hit by Derek Forbort and loses puck.
13:35 of 1st period - Oscar Klefbom is hit by Chandler Stephenson and loses puck.
14:24 of 1st period - Shot by Andrei Kuzmenko.
14:24 of 1st period - Shot Misses the Net.
14:26 of 1st period - Shot by Joe Pavelski.
14:26 of 1st period - Stopped by Samuel Montembeault with a rebound.
14:34 of 1st period - Shot by Brock Boeser.
14:34 of 1st period - Shot Misses the Net.
15:31 of 1st period - Shot by David Pastrnak.
15:31 of 1st period - Shot Misses the Net.
15:45 of 1st period - Shot by Auston Matthews.
15:45 of 1st period - Stopped by Samuel Montembeault with a rebound.
15:47 of 1st period - Shot by Auston Matthews.
15:47 of 1st period - Shot Misses the Net.
15:49 of 1st period - Shot by Alex Ovechkin.
15:49 of 1st period - Stopped by Samuel Montembeault without a rebound.
15:50 of 1st period - Gabriel Vilardi wins face-off versus Mika Zibanejad in LOS ANGELES Kings zone.
16:09 of 1st period - Shot by Gabriel Vilardi.
16:09 of 1st period - Deflect By Jason Robertson.
16:09 of 1st period - Shot Misses the Net.
16:11 of 1st period - Shot by Jason Robertson.
16:11 of 1st period - Shot Misses the Net.
16:19 of 1st period - Shot by Wyatt Johnston.
16:19 of 1st period - Deflect By Jason Robertson.
16:19 of 1st period - Goal by Jason Robertson - SEATTLE Kraken : 2 - LOS ANGELES Kings : 2.
16:20 of 1st period - Auston Matthews wins face-off versus Ryan Poehling in neutral zone.
16:49 of 1st period - Shot by David Pastrnak.
16:49 of 1st period - Stopped by Samuel Montembeault with a rebound.
16:51 of 1st period - Shot by Auston Matthews.
16:51 of 1st period - Goal by Auston Matthews - SEATTLE Kraken : 3 - LOS ANGELES Kings : 2.
16:52 of 1st period - Mika Zibanejad wins face-off versus Joe Pavelski in neutral zone.
17:37 of 1st period - Shot by Andrei Kuzmenko.
17:37 of 1st period - Stopped by Samuel Montembeault with a rebound.
17:52 of 1st period - Icing by Alec Martinez.
17:53 of 1st period - Auston Matthews wins face-off versus Brayden Schenn in SEATTLE Kraken zone.
18:16 of 1st period - Shot by Chandler Stephenson.
18:16 of 1st period - Shot Misses the Net.
19:28 of 1st period - Minor Penalty to Nick Foligno for Holding.
19:29 of 1st period - Nick Bonino wins face-off versus Wyatt Johnston in LOS ANGELES Kings zone.
Goals for this period are 3 for SEATTLE Kraken vs 2 for LOS ANGELES Kings .
Shots for this period are 13 for SEATTLE Kraken vs 6 for LOS ANGELES Kings .

2nd period


0:01 of 2nd period - Auston Matthews wins face-off versus Nick Bonino in neutral zone.
0:04 of 2nd period - Shot by Rasmus Dahlin.
0:04 of 2nd period - Shot Blocked by Arber Xhekaj.
0:12 of 2nd period - Shot by Auston Matthews.
0:12 of 2nd period - Shot Misses the Net.
0:14 of 2nd period - Shot by Auston Matthews.
0:14 of 2nd period - Stopped by Samuel Montembeault without a rebound.
0:15 of 2nd period - Nick Bonino wins face-off versus Wyatt Johnston in LOS ANGELES Kings zone.
0:15 of 2nd period - Nick Bonino is hit by Wyatt Johnston.
0:42 of 2nd period - Shot by Oscar Klefbom.
0:42 of 2nd period - Stopped by Samuel Montembeault without a rebound.
0:43 of 2nd period - Chandler Stephenson wins face-off versus Auston Matthews in LOS ANGELES Kings zone.
0:54 of 2nd period - Shot by Rasmus Dahlin.
0:54 of 2nd period - Stopped by Samuel Montembeault without a rebound.
0:55 of 2nd period - Nicolas Roy wins face-off versus Auston Matthews in LOS ANGELES Kings zone.
1:13 of 2nd period - Shot by Samuel Girard.
1:13 of 2nd period - Stopped by Samuel Montembeault without a rebound.
1:13 of 2nd period - Minor Penalty to Arber Xhekaj for Interference.
1:14 of 2nd period - Wyatt Johnston wins face-off versus Nick Bonino in LOS ANGELES Kings zone.
1:22 of 2nd period - Wyatt Johnston is hit by Aaron Ekblad and loses puck.
2:24 of 2nd period - Shot by Rasmus Dahlin.
2:24 of 2nd period - Deflect By Auston Matthews.
2:24 of 2nd period - Stopped by Samuel Montembeault without a rebound.
2:25 of 2nd period - Auston Matthews wins face-off versus Nick Bonino in LOS ANGELES Kings zone.
2:25 of 2nd period - Auston Matthews is hit by Aaron Ekblad.
3:38 of 2nd period - Shot by Tim Stutzle.
3:38 of 2nd period - Shot Misses the Net.
3:40 of 2nd period - Shot by Vincent Hinostroza.
3:40 of 2nd period - Deflect By T.J. Oshie.
3:40 of 2nd period - Stopped by Samuel Montembeault without a rebound.
3:41 of 2nd period - Joe Pavelski wins face-off versus Nicolas Roy in LOS ANGELES Kings zone.
4:00 of 2nd period - Shot by Nick Foligno.
4:00 of 2nd period - Shot Misses the Net.
4:08 of 2nd period - Shot by Andrei Kuzmenko.
4:08 of 2nd period - Shot Misses the Net.
4:16 of 2nd period - Shot by Joe Pavelski.
4:16 of 2nd period - Stopped by Samuel Montembeault without a rebound.
4:17 of 2nd period - Mika Zibanejad wins face-off versus Auston Matthews in LOS ANGELES Kings zone.
4:17 of 2nd period - Jason Zucker is hit by David Pastrnak and loses puck.
4:38 of 2nd period - Shot by Mats Zuccarello.
4:38 of 2nd period - Stopped by Spencer Knight without a rebound.
4:39 of 2nd period - Brayden Schenn wins face-off versus Wyatt Johnston in SEATTLE Kraken zone.
4:44 of 2nd period - Shot by Brayden Schenn.
4:44 of 2nd period - Stopped by Spencer Knight without a rebound.
4:45 of 2nd period - Auston Matthews wins face-off versus Brayden Schenn in SEATTLE Kraken zone.
4:52 of 2nd period - Shot by Auston Matthews.
4:52 of 2nd period - Stopped by Samuel Montembeault without a rebound.
4:53 of 2nd period - Brayden Schenn wins face-off versus Wyatt Johnston in LOS ANGELES Kings zone.
6:20 of 2nd period - Icing by Mats Zuccarello.
6:21 of 2nd period - Joe Pavelski wins face-off versus Mika Zibanejad in LOS ANGELES Kings zone.
6:29 of 2nd period - Icing by Mats Zuccarello.
6:30 of 2nd period - Joe Pavelski wins face-off versus Mika Zibanejad in LOS ANGELES Kings zone.
6:31 of 2nd period - Shot by Brock Boeser.
6:31 of 2nd period - Stopped by Samuel Montembeault without a rebound.
6:32 of 2nd period - Mika Zibanejad wins face-off versus Auston Matthews in LOS ANGELES Kings zone.
6:53 of 2nd period - Shot by Mats Zuccarello.
6:53 of 2nd period - Stopped by Spencer Knight without a rebound.
6:54 of 2nd period - Wyatt Johnston wins face-off versus Nicolas Roy in SEATTLE Kraken zone.
6:54 of 2nd period - Wyatt Johnston is hit by Nick Foligno.
7:00 of 2nd period - Brock McGinn is hit by Gabriel Vilardi and loses puck.
8:33 of 2nd period - Shot by Jason Zucker.
8:33 of 2nd period - Shot Blocked by Samuel Girard.
8:35 of 2nd period - Shot by Calen Addison.
8:35 of 2nd period - Deflect By Mats Zuccarello.
8:35 of 2nd period - Shot Blocked by Samuel Girard.
8:57 of 2nd period - Shot by Brayden Schenn.
8:57 of 2nd period - Deflect By Jakob Silfverberg.
8:57 of 2nd period - Stopped by Spencer Knight without a rebound.
8:58 of 2nd period - Joe Pavelski wins face-off versus Ryan Poehling in SEATTLE Kraken zone.
9:07 of 2nd period - Shot by Joe Pavelski.
9:07 of 2nd period - Shot Misses the Net.
9:09 of 2nd period - Shot by Alec Martinez.
9:09 of 2nd period - Stopped by Samuel Montembeault without a rebound.
9:10 of 2nd period - Brayden Schenn wins face-off versus Jason Robertson in LOS ANGELES Kings zone.
9:18 of 2nd period - Shot by Gabriel Vilardi.
9:18 of 2nd period - Stopped by Samuel Montembeault without a rebound.
9:19 of 2nd period - Wyatt Johnston wins face-off versus Brayden Schenn in LOS ANGELES Kings zone.
9:36 of 2nd period - Shot by Wyatt Johnston.
9:36 of 2nd period - Deflect By Gabriel Vilardi.
9:36 of 2nd period - Shot Blocked by Calen Addison.
9:38 of 2nd period - Shot by Gabriel Vilardi.
9:38 of 2nd period - Stopped by Samuel Montembeault without a rebound.
9:39 of 2nd period - Joe Pavelski wins face-off versus Jason Zucker in LOS ANGELES Kings zone.
10:00 of 2nd period - Jani Hakanpaa is hit by Jason Zucker and loses puck.
10:09 of 2nd period - Icing by Jani Hakanpaa.
10:10 of 2nd period - Brayden Schenn wins face-off versus Joe Pavelski in SEATTLE Kraken zone.
10:16 of 2nd period - Off-side.
10:17 of 2nd period - Auston Matthews wins face-off versus Brayden Schenn in neutral zone.
10:22 of 2nd period - Shot by Rasmus Dahlin.
10:22 of 2nd period - Stopped by Samuel Montembeault without a rebound.
10:23 of 2nd period - Mika Zibanejad wins face-off versus Auston Matthews in LOS ANGELES Kings zone.
10:42 of 2nd period - Shot by Mats Zuccarello.
10:42 of 2nd period - Stopped by Spencer Knight without a rebound.
10:43 of 2nd period - Brayden Schenn wins face-off versus Wyatt Johnston in SEATTLE Kraken zone.
11:08 of 2nd period - Shot by Jakob Silfverberg.
11:08 of 2nd period - Shot Blocked by Samuel Girard.
11:10 of 2nd period - Shot by Chandler Stephenson.
11:10 of 2nd period - Stopped by Spencer Knight without a rebound.
11:11 of 2nd period - Mika Zibanejad wins face-off versus Auston Matthews in SEATTLE Kraken zone.
11:31 of 2nd period - Icing by Jamie Drysdale.
11:32 of 2nd period - Auston Matthews wins face-off versus Nicolas Roy in SEATTLE Kraken zone.
12:24 of 2nd period - Shot by Jason Robertson.
12:24 of 2nd period - Shot Misses the Net.
12:30 of 2nd period - Shot by Jason Robertson.
12:30 of 2nd period - Shot Misses the Net.
12:32 of 2nd period - Shot by Oscar Klefbom.
12:32 of 2nd period - Goal by Oscar Klefbom - SEATTLE Kraken : 4 - LOS ANGELES Kings : 2.
12:33 of 2nd period - Andrei Kuzmenko wins face-off versus Mika Zibanejad in neutral zone.
12:35 of 2nd period - Off-side.
12:36 of 2nd period - Jason Zucker wins face-off versus Joe Pavelski in neutral zone.
12:39 of 2nd period - Oscar Klefbom is hit by Mika Zibanejad and loses puck.
12:49 of 2nd period - Jason Zucker is hit by Samuel Girard and loses puck.
13:00 of 2nd period - Shot by Samuel Girard.
13:00 of 2nd period - Stopped by Samuel Montembeault without a rebound.
13:01 of 2nd period - Brayden Schenn wins face-off versus Wyatt Johnston in LOS ANGELES Kings zone.
13:26 of 2nd period - Wyatt Johnston is hit by Arber Xhekaj and loses puck.
13:35 of 2nd period - Shot by Wyatt Johnston.
13:35 of 2nd period - Deflect By Jason Robertson.
13:35 of 2nd period - Shot Misses the Net.
13:37 of 2nd period - Shot by Rasmus Dahlin.
13:37 of 2nd period - Shot Blocked by Arber Xhekaj.
13:59 of 2nd period - Icing by Oscar Klefbom.
14:00 of 2nd period - Mika Zibanejad wins face-off versus Auston Matthews in SEATTLE Kraken zone.
14:00 of 2nd period - Mats Zuccarello is hit by Oscar Klefbom.
14:19 of 2nd period - Jason Zucker is hit by Oscar Klefbom and loses puck.
14:44 of 2nd period - Shot by Mats Zuccarello.
14:44 of 2nd period - Shot Blocked by Oscar Klefbom.
15:16 of 2nd period - Shot by Brock McGinn.
15:16 of 2nd period - Shot Misses the Net.
15:24 of 2nd period - Shot by Nicolas Roy.
15:24 of 2nd period - Shot Hit the Post.
15:26 of 2nd period - Shot by Brock McGinn.
15:26 of 2nd period - Stopped by Spencer Knight without a rebound.
15:27 of 2nd period - Wyatt Johnston wins face-off versus Brayden Schenn in SEATTLE Kraken zone.
15:42 of 2nd period - Shot by Rasmus Dahlin.
15:42 of 2nd period - Stopped by Samuel Montembeault without a rebound.
15:43 of 2nd period - Ryan Poehling wins face-off versus Joe Pavelski in LOS ANGELES Kings zone.
16:09 of 2nd period - Shot by Nick Bonino.
16:09 of 2nd period - Shot Misses the Net.
16:11 of 2nd period - Shot by Derek Forbort.
16:11 of 2nd period - Shot Misses the Net.
16:41 of 2nd period - Shot by Jason Zucker.
16:41 of 2nd period - Shot Misses the Net.
16:43 of 2nd period - Shot by Mika Zibanejad.
16:43 of 2nd period - Shot Misses the Net.
16:55 of 2nd period - Shot by Mats Zuccarello.
16:55 of 2nd period - Stopped by Spencer Knight without a rebound.
16:56 of 2nd period - Brayden Schenn wins face-off versus Wyatt Johnston in SEATTLE Kraken zone.
18:16 of 2nd period - Jason Zucker is hit by Oscar Klefbom.
18:23 of 2nd period - Mats Zuccarello is hit by Oscar Klefbom and loses puck.
18:38 of 2nd period - Shot by Mika Zibanejad.
18:38 of 2nd period - Shot Misses the Net.
18:40 of 2nd period - Shot by Mats Zuccarello.
18:40 of 2nd period - Shot Misses the Net.
18:57 of 2nd period - Minor Penalty to T.J. Oshie for Slashing.
18:58 of 2nd period - Vincent Hinostroza wins face-off versus Chandler Stephenson in SEATTLE Kraken zone.
19:13 of 2nd period - Icing by Brayden Schenn.
19:14 of 2nd period - Vincent Hinostroza wins face-off versus Chandler Stephenson in LOS ANGELES Kings zone.
Goals for this period are 1 for SEATTLE Kraken vs 0 for LOS ANGELES Kings .
Shots for this period are 16 for SEATTLE Kraken vs 8 for LOS ANGELES Kings .

3rd period


0:01 of 3rd period - Vincent Hinostroza wins face-off versus Mika Zibanejad in neutral zone.
1:33 of 3rd period - Shot by Jason Robertson.
1:33 of 3rd period - Stopped by Samuel Montembeault without a rebound.
1:34 of 3rd period - Jakob Silfverberg wins face-off versus Andrei Kuzmenko in LOS ANGELES Kings zone.
1:34 of 3rd period - Jakob Silfverberg is hit by Joe Pavelski.
1:40 of 3rd period - Brock Boeser is hit by Brayden Schenn and loses puck.
2:05 of 3rd period - Chandler Stephenson is hit by Samuel Girard.
2:31 of 3rd period - Shot by Mika Zibanejad.
2:31 of 3rd period - Shot Misses the Net.
2:33 of 3rd period - Shot by Mika Zibanejad.
2:33 of 3rd period - Deflect By Mats Zuccarello.
2:33 of 3rd period - Goal by Mats Zuccarello - SEATTLE Kraken : 4 - LOS ANGELES Kings : 3.
2:34 of 3rd period - Auston Matthews wins face-off versus Nicolas Roy in neutral zone.
4:18 of 3rd period - Shot by Brayden Schenn.
4:18 of 3rd period - Stopped by Spencer Knight without a rebound.
4:19 of 3rd period - Joe Pavelski wins face-off versus Chandler Stephenson in SEATTLE Kraken zone.
5:42 of 3rd period - Shot by David Pastrnak.
5:42 of 3rd period - Stopped by Samuel Montembeault without a rebound.
5:43 of 3rd period - Wyatt Johnston wins face-off versus Jason Zucker in LOS ANGELES Kings zone.
6:27 of 3rd period - Jason Zucker is hit by Jani Hakanpaa and loses puck.
6:49 of 3rd period - Off-side.
6:50 of 3rd period - Auston Matthews wins face-off versus Ryan Poehling in neutral zone.
6:59 of 3rd period - Shot by Auston Matthews.
6:59 of 3rd period - Shot Blocked by Arber Xhekaj.
7:01 of 3rd period - Shot by Auston Matthews.
7:01 of 3rd period - Stopped by Samuel Montembeault with a rebound.
7:03 of 3rd period - Shot by David Pastrnak.
7:03 of 3rd period - Stopped by Samuel Montembeault with a rebound.
7:15 of 3rd period - Shot by Rasmus Dahlin.
7:15 of 3rd period - Stopped by Samuel Montembeault with a rebound.
7:23 of 3rd period - Shot by David Pastrnak.
7:23 of 3rd period - Stopped by Samuel Montembeault without a rebound.
7:24 of 3rd period - Nicolas Roy wins face-off versus Joe Pavelski in LOS ANGELES Kings zone.
7:39 of 3rd period - Shot by Andrei Kuzmenko.
7:39 of 3rd period - Shot Misses the Net.
8:30 of 3rd period - Shot by Mats Zuccarello.
8:30 of 3rd period - Stopped by Spencer Knight with a rebound.
8:32 of 3rd period - Shot by Derek Forbort.
8:32 of 3rd period - Stopped by Spencer Knight without a rebound.
8:33 of 3rd period - Auston Matthews wins face-off versus Chandler Stephenson in SEATTLE Kraken zone.
8:35 of 3rd period - Icing by Alec Martinez.
8:36 of 3rd period - Jakob Silfverberg wins face-off versus Auston Matthews in SEATTLE Kraken zone.
9:20 of 3rd period - Icing by Chandler Stephenson.
9:21 of 3rd period - Chandler Stephenson wins face-off versus Wyatt Johnston in LOS ANGELES Kings zone.
10:02 of 3rd period - Shot by Mats Zuccarello.
10:02 of 3rd period - Shot Misses the Net.
10:04 of 3rd period - Shot by Mats Zuccarello.
10:04 of 3rd period - Stopped by Spencer Knight with a rebound.
10:06 of 3rd period - Shot by Aaron Ekblad.
10:06 of 3rd period - Stopped by Spencer Knight without a rebound.
10:07 of 3rd period - Nicolas Roy wins face-off versus Joe Pavelski in SEATTLE Kraken zone.
10:23 of 3rd period - Shot by Nick Foligno.
10:23 of 3rd period - Shot Misses the Net.
10:25 of 3rd period - Shot by Brock McGinn.
10:25 of 3rd period - Stopped by Spencer Knight without a rebound.
10:26 of 3rd period - Auston Matthews wins face-off versus Mika Zibanejad in SEATTLE Kraken zone.
10:28 of 3rd period - Minor Penalty to Mika Zibanejad for Interference.
10:29 of 3rd period - Nick Bonino wins face-off versus Auston Matthews in LOS ANGELES Kings zone.
10:43 of 3rd period - Rasmus Dahlin is hit by Olli Maatta and loses puck.
10:46 of 3rd period - Shot by Rasmus Dahlin.
10:46 of 3rd period - Stopped by Samuel Montembeault without a rebound.
10:47 of 3rd period - Nick Bonino wins face-off versus Wyatt Johnston in LOS ANGELES Kings zone.
11:00 of 3rd period - Shot by Oscar Klefbom.
11:00 of 3rd period - Stopped by Samuel Montembeault without a rebound.
11:01 of 3rd period - Nicolas Roy wins face-off versus Auston Matthews in LOS ANGELES Kings zone.
11:14 of 3rd period - Shot by Auston Matthews.
11:14 of 3rd period - Shot Misses the Net.
11:22 of 3rd period - Auston Matthews is hit by Brayden Schenn.
11:28 of 3rd period - Arber Xhekaj is hit by Auston Matthews and loses puck.
12:31 of 3rd period - Shot by Tim Stutzle.
12:31 of 3rd period - Deflect By T.J. Oshie.
12:31 of 3rd period - Shot Misses the Net.
13:08 of 3rd period - Icing by Derek Forbort.
13:09 of 3rd period - Joe Pavelski wins face-off versus Mika Zibanejad in LOS ANGELES Kings zone.
13:10 of 3rd period - Shot by Brock Boeser.
13:10 of 3rd period - Shot Misses the Net.
13:23 of 3rd period - Jason Zucker is hit by Oscar Klefbom and loses puck.
13:55 of 3rd period - Icing by Samuel Girard.
13:56 of 3rd period - Brayden Schenn wins face-off versus Joe Pavelski in SEATTLE Kraken zone.
15:07 of 3rd period - Shot by Nicolas Roy.
15:07 of 3rd period - Shot Misses the Net.
15:09 of 3rd period - Shot by Nick Foligno.
15:09 of 3rd period - Stopped by Spencer Knight without a rebound.
15:10 of 3rd period - Mika Zibanejad wins face-off versus Wyatt Johnston in SEATTLE Kraken zone.
15:15 of 3rd period - Shot by Mika Zibanejad.
15:15 of 3rd period - Stopped by Spencer Knight with a rebound.
15:34 of 3rd period - Shot by Wyatt Johnston.
15:34 of 3rd period - Stopped by Samuel Montembeault without a rebound.
15:35 of 3rd period - Auston Matthews wins face-off versus Nicolas Roy in LOS ANGELES Kings zone.
15:44 of 3rd period - Shot by Alex Ovechkin.
15:44 of 3rd period - Stopped by Samuel Montembeault without a rebound.
15:45 of 3rd period - Jesse Ylonen wins face-off versus Auston Matthews in LOS ANGELES Kings zone.
15:45 of 3rd period - Jesse Ylonen is hit by Alex Ovechkin.
15:54 of 3rd period - Shot by Nick Bonino.
15:54 of 3rd period - Stopped by Spencer Knight without a rebound.
15:55 of 3rd period - Wyatt Johnston wins face-off versus Mika Zibanejad in SEATTLE Kraken zone.
17:34 of 3rd period - Shot by Jakob Silfverberg.
17:34 of 3rd period - Shot Blocked by Samuel Girard.
17:36 of 3rd period - Shot by Brayden Schenn.
17:36 of 3rd period - Stopped by Spencer Knight without a rebound.
17:37 of 3rd period - Nicolas Roy wins face-off versus Joe Pavelski in SEATTLE Kraken zone.
17:46 of 3rd period - Shot by Nicolas Roy.
17:46 of 3rd period - Stopped by Spencer Knight with a rebound.
17:54 of 3rd period - Shot by Joe Pavelski.
17:54 of 3rd period - Shot Misses the Net.
17:56 of 3rd period - Shot by Andrei Kuzmenko.
17:56 of 3rd period - Stopped by Samuel Montembeault without a rebound.
17:57 of 3rd period - Ryan Poehling wins face-off versus Wyatt Johnston in LOS ANGELES Kings zone.
19:00 of 3rd period - Mika Zibanejad is hit by Joe Pavelski and loses puck.
19:15 of 3rd period - LOS ANGELES Kings , Samuel Montembeault is pulled from the net.
19:37 of 3rd period - Shot by Mats Zuccarello.
19:37 of 3rd period - Stopped by Spencer Knight without a rebound.
19:38 of 3rd period - Brayden Schenn wins face-off versus Auston Matthews in SEATTLE Kraken zone.
19:39 of 3rd period - Shot by Mats Zuccarello.
19:39 of 3rd period - Shot Blocked by Rasmus Dahlin.
19:57 of 3rd period - Shot by Rasmus Dahlin.
19:57 of 3rd period - Deflect By Auston Matthews.
19:57 of 3rd period - Goal by Auston Matthews - SEATTLE Kraken : 5 - LOS ANGELES Kings : 3.
19:57 of 3rd period - Samuel Montembeault from LOS ANGELES Kings was sent back in the game.
19:58 of 3rd period - Nicolas Roy wins face-off versus Vincent Hinostroza in neutral zone.
Goals for this period are 1 for SEATTLE Kraken vs 1 for LOS ANGELES Kings .
Shots for this period are 12 for SEATTLE Kraken vs 13 for LOS ANGELES Kings .